 Dungeon Crawl Stone Soup version 0.31.0-11-ge490571c62 (webtiles) character file.

Game seed: 7511703272410309697

514 MollyMolluskus the Ruffian (level 7, -3/48 HPs)
             Began as an Octopode Fighter on Jan 30, 2024.
             Succumbed to Eustachio's poison
             ... on level 5 of the Dungeon.
             The game lasted 00:10:24 (2999 turns).

MollyMolluskus the Ruffian (Octopode Fighter)       Turns: 2999, Time: 00:10:25

Health: -3/48      AC:  1    Str: 18    XL:     7   Next: 20%
Magic:  7/7        EV: 13    Int: 10    God:
Gold:   87         SH:  6    Dex: 11    Spells: 6/6 levels left

rFire   . .          .
                       - Unarmed
rCold   . . .        a - +2 buckler
rNeg    . . .        (helmet restricted)
rPois   .            (no amulet)
rElec   .            (no ring)
rCorr   .            (no ring)
SInv    .            (no ring)
Will    .....        (no ring)
Stlth   ++++         (no ring)
HPRegen 0.28/turn    (no ring)
MPRegen 0.10/turn    (no ring)
                     (no ring)

%: no passive effects
@: lethally poisoned (-3 -> -27), hasted, very quick
A: almost no armour, amphibious, 8 rings, camouflage 1, gelatinous body 1,
nimble swimmer 1, tentacles
a: no special abilities


You were on level 5 of the Dungeon.
You visited 1 branch of the dungeon, and saw 5 of its levels.
You also visited: Sewer.

You collected 87 gold pieces.

Inventory:

Missiles
 d - 45 stones (quivered)
 e - 4 curare-tipped darts
 k - 3 poisoned darts
Armour
 a - a +2 buckler (worn)
Wands
 c - a wand of polymorph (6)
Scrolls
 g - a scroll of fear
 h - 2 scrolls of revelation
 j - a scroll of blinking
Potions
 o - a potion of might


   Skills:
 + Level 4.2 Fighting
 + Level 4.3 Dodging
 - Level 4.0 Stealth
 - Level 4.0 Shields
 * Level 4.7 Unarmed Combat


You had 6 spell levels left.
You didn't know any spells.
Your spell library was empty.

Dungeon Overview and Level Annotations

Branches:
Dungeon (4/15)              Sewer (visited)
 Temple: D:4-7

Altars:
Qazlal
Sif Muna

Annotations:
D:5 Blork the orc, Eustachio, Menkaure


Innate Abilities, Weirdness & Mutations

You cannot wear most types of armour.
You are amphibious.
You can wear up to eight rings at the same time.
Your skin changes colour to match your surroundings (Stealth+).
Your rubbery body absorbs attacks. (AC +1, EV +1)
You are camouflaged when in or above water. (Stealth+)
You have tentacles for arms and can constrict up to eight enemies at once.


Message History

Unknown command.
Found a dagger.
The bat attacks as it pursues you! The bat hits you.
You block the bat's attack.
Eustachio hits you with a +1 rapier of venom!
You are poisoned.
You barely miss Eustachio. Your grab misses Eustachio.
You feel very sick. The bat hits you. The bat closely misses you.
Unknown command.
You closely miss Eustachio. Your grab misses Eustachio.
You feel very sick. The bat closely misses you. You block the bat's attack.
You block Eustachio's attack. The bat hits you but does no damage.
The rat barely misses you.
Unknown command.
You tentacle-slap Eustachio. You grab Eustachio. You squeeze Eustachio!
Eustachio is moderately wounded.
You constrict Eustachio.
You feel sick. The bat misses you.
Eustachio asks, "How can you live without manners, virtues and honour?"
Eustachio closely misses you. The rat bites you.
* * * LOW HITPOINT WARNING * * *
Unknown command.
It was a potion of haste.
You feel yourself speed up.
You constrict Eustachio, but do no damage.
* * * LOW HITPOINT WARNING * * *
You feel sick. You block the bat's attack. The bat misses you.
Eustachio casts a spell.
Eustachio struggles to blink free from constriction.
You block the rat's attack.
You tentacle-slap Eustachio.
Eustachio is heavily wounded.
You constrict Eustachio, but do no damage.
You feel sick. The bat barely misses you.
Eustachio hits you with a +1 rapier of venom.
* * * LOW HITPOINT WARNING * * *
You are more poisoned.
You tentacle-slap Eustachio.
Eustachio is heavily wounded.
You constrict Eustachio.
You die...

..##≈..# ...# #...#.#.#
#..~≈≈.# #...##.>.....
#.≈≈.# #.......... #
##.≈~##########......#
..##..~~.....)...........
.......≈##########...###.
..#...!~.## ##..#.##..
......~~..##......##.##.#
##.#...b@@)..# ### #.#...
.. #.<.r~....# ##.#. .
#:...≈....# ##.#.
#...........# #....
.._........... ...#.
.#.....##....... ####.
###... ........ .....
#... .).....?. .....
#....######


You could see Eustachio, a bat (summoned) and a rat (summoned).

Vanquished Creatures
  Grinder (D:3)
  A crocodile (Sewer)
  A hound (D:5)
  An iguana (D:5)
  A gnoll (D:1)
  5 adders
  2 river rats (Sewer)
  3 ufetubi (D:5)
  2 dart slugs (D:2)
  4 ribbon worms
  5 orcs
  7 endoplasms
  5 giant cockroaches
  4 goblins
  4 hobgoblins
  10 kobolds
  5 quokkas
  7 ball pythons
  5 bats
  A frilled lizard (D:2)
  7 rats
81 creatures vanquished.

Notes
Turn   | Place    | Note
-------+----------+-------------------------------------------
     0 | D:1      | MollyMolluskus the Octopode Fighter began the quest for the
                  | Orb.
     0 | D:1      | Reached XP level 1. HP: 16/16 MP: 1/1
   489 | D:1      | Reached XP level 2. HP: 21/21 MP: 2/2
   538 | D:1      | Reached skill level 1 in Stealth
   637 | D:1      | Reached XP level 3. HP: 10/26 MP: 3/3
  1520 | D:2      | Reached XP level 4. HP: 22/31 MP: 4/4
  1730 | D:3      | Noticed Grinder
  1756 | D:3      | Paralysed by Grinder for 5 turns
  1762 | D:3      | Killed Grinder
  1763 | D:3      | Reached XP level 5. HP: 9/37 MP: 5/5
  1763 | D:3      | Reached XP level 6. HP: 11/43 MP: 6/6
  1915 | D:3      | Found a glowing drain.
  1922 | Sewer    | Entered a sewer
  2540 | D:3      | Found a shimmering blue altar of Sif Muna.
  2837 | D:4      | You fall into a shaft and drop 1 floor!
  2837 | D:5      | Entered Level 5 of the Dungeon
  2850 | D:5      | Noticed Blork the orc
  2863 | D:5      | Noticed Menkaure
  2864 | D:5      | HP: 1/43 [Menkaure/nerve-wracking pain (14)]
  2911 | D:5      | Reached XP level 7. HP: 28/48 MP: 7/7
  2969 | D:5      | Noticed Eustachio
  2990 | D:5      | Found a stormy altar of Qazlal.
  2998 | D:5      | HP: 1/48 [Eustachio/+1 rapier of venom (6)]
  2999 | D:5      | Succumbed to Eustachio's poison

Illustrated notes

Levels and vault maps discovered:
D:1:      mrwooster_arrival_statue_2, layout_basic
D:2:      layout_loops_corners
D:3:      layout_basic, lemuel_doored_altar, gup_sewer_entry_bubbles,
          uniq_grinder
D:4:      layout_rooms, mainiacjoe_overflow_tiny_flanked,
          nicolae_kikubaaqudgha_miasma_corner, minmay_temple_entry_grid,
          serial_bayou_crossing
D:5:      layout_rooms, mainiacjoe_overflow_large_starburst, serial_rivers,
          chequers_serial_rivers_micro_b, chequers_serial_rivers_small_3,
          chequers_serial_rivers_micro_b, chequers_serial_rivers_small_3,
          chequers_serial_rivers_small_a, chequers_serial_rivers_micro_c,
          serial_shops, nicolae_shop_tiny_waterfront, serial_bayou_pond_b,
          uniq_eustachio, uniq_edmund, uniq_crazy_yiuf_cottage, uniq_menkaure,
          uniq_ijyb, uniq_blork_the_orc

Skill      XL: |  1  2  3  4  5  6  7 |
---------------+----------------------+-----
Stealth        | 1 3 4 |  4.0
Unarmed Combat | 3 4 |  4.7
Dodging        | 4 |  4.3
Fighting       | 4 |  4.2
Shields        | 4 |  4.0

Action                     |  1- 3 |  4- 6 |  7- 9 || total
---------------------------+-------+-------+-------++-------
  Melee: Unarmed           |    66 |   102 |    25 ||   193
         Constrict         |    19 |    26 |     7 ||    52
         Tentacles         |    16 |    23 |     6 ||    45
         Punch             |     1 |     1 |     1 ||     3
  Throw: Stone             |       |     1 |     1 ||     2
  Evoke: Wand              |       |     1 |       ||     1
    Use: Scroll            |       |    15 |       ||    15
         Potion            |       |     3 |     4 ||     7
   Stab: Sleeping          |     7 |    17 |       ||    24
         Distracted        |     1 |       |       ||     1
 Armour: Skin              |    21 |    38 |    18 ||    77
  Dodge: Dodged            |    31 |    65 |    32 ||   128
  Block: Buckler           |     8 |    21 |    12 ||    41
